 Dungeon Crawl Stone Soup version 0.21-a0-578-gc6e9d75 (webtiles) character file.

30261 Lanoc the Cleaver (level 13, -1/117 HPs)
             Began as a Grey Draconian Berserker on Dec 18, 2017.
             Was a High Priest of Trog.
             Slain by a skeletal warrior
             ... wielding a +0 battleaxe
             ... led by a skeletal warrior
              (19 damage)
             ... on level 14 of the Dungeon on Dec 19, 2017.
             The game lasted 00:49:42 (12978 turns).

Lanoc the Cleaver (Grey Draconian Berserker)       Turns: 12978, Time: 00:49:43

Health: -1/117     AC: 17    Str: 21    XL:     13   Next: 19%
Magic:  13/13      EV: 18    Int:  8    God:    Trog [*****.]
Gold:   1051       SH:  0    Dex: 14    Spells: 12/12 levels left

rFire    + . .     SeeInvis .   a - +1 hand axe (flame)
rCold    + . .     Gourm    .   (no shield)
rNeg     . . .     Faith    .   (armour unavailable)
rPois    .         Spirit   .   (helmet restricted)
rElec    .         Reflect  .   D - +0 cloak
rCorr    +         Harm     .   (no gloves)
MR       .....                  k - +2 pair of boots
Stlth    +.........             n - amulet of regeneration
HPRegen  0.69/turn              M - ring of resist corrosion
MPRegen  0.13/turn              B - ring "Vafenuar" {rF+ rC+}

@: about to teleport, berserk cooldown, slowed, very slow
A: walk through water, unfitting armour, unbreathing, cold-blooded, AC +13
a: Berserk, Trog's Hand, Brothers in Arms, Burn Spellbooks, Renounce Religion


You were on level 14 of the Dungeon.
You worshipped Trog.
Trog was extremely pleased with you.
You were not hungry.

You visited 1 branch of the dungeon, and saw 14 of its levels.

You collected 1051 gold pieces.

Inventory:

Hand Weapons
 a - a +1 hand axe of flaming (weapon)
 R - a +2 battleaxe
Missiles
 p - 2 steel javelins
 y - 3 steel tomahawks (quivered)
 A - 2 tomahawks of returning
 H - 7 silver javelins
Armour
 k - a +2 pair of boots (worn)
 D - a +0 cloak (worn)
 S - a +0 shield of protection
Jewellery
 h - an uncursed ring of fire
 l - an uncursed ring of stealth
 n - an amulet of regeneration (around neck)
 o - an uncursed amulet of rage {unknown}
 B - the ring "Vafenuar" (right hand) {rF+ rC+}
   (You took it off an orc wizard on level 5 of the Dungeon)

   [ring of protection from fire]

   It protects you from fire.
   It protects you from cold.
 M - a ring of resist corrosion (left hand)
Wands
 q - a wand of iceblast (9)
 s - a wand of random effects (30)
 x - a wand of flame (7)
 E - a wand of acid (11)
Scrolls
 e - 7 scrolls of remove curse
 f - 7 scrolls of fear
 i - 2 scrolls of enchant weapon
 u - a scroll of magic mapping
 w - a scroll of teleportation
 O - a scroll of blinking
Potions
 g - 6 potions of resistance
 j - 4 potions of agility
 m - 2 potions of flight
 r - 2 potions of might
 t - a potion of heal wounds
 z - 2 potions of berserk rage {unknown}
 C - 4 potions of curing {unknown}
 F - a potion of magic {unknown}
 I - 2 potions of invisibility {unknown}
 J - a potion of ambrosia {unknown}
Miscellaneous
 P - a phantom mirror
Comestibles
 b - 20 rations


   Skills:
 + Level 11.8 Fighting
 * Level 14.1 Axes
 + Level 8.9 Throwing
 + Level 10.1 Dodging


You had 12 spell levels left.
You didn't know any spells.

Dungeon Overview and Level Annotations

Branches:
Dungeon (14/15)            Temple (0/1) D:6            Lair (0/6) D:8
    Orc (0/2) D:10         Vaults (0/5) D:13

Altars:
Dithmenos
Fedhas
Kikubaaqudgha
Wu Jian
Xom
Yredelemnul

Shops:
D:12 (


Innate Abilities, Weirdness & Mutations

You can walk through water.
Your dull iron-grey scales are very hard. (AC +13)
You cannot fit into any form of body armour.
You can survive without breathing.
You are cold-blooded and may be slowed by cold attacks.


Message History

The skeletal warrior completely misses you.
You feel a strong urge to attack something.
The skeletal warrior completely misses you.
You slice the skeletal warrior!! You burn the skeletal warrior.
The skeletal warrior is moderately damaged.
The skeletal warrior hits you with a battleaxe.
You hit the skeletal warrior but do no damage.
The skeletal warrior is moderately damaged.
You are no longer berserk.
You are exhausted.
You feel yourself slow down.
The skeletal warrior completely misses you.
As you read the scroll of teleportation, it crumbles to dust.
You feel strangely unstable.
The skeletal warrior hits you with a battleaxe!!
The skeletal warrior hits you from afar with a trident!
The skeletal warrior hits you from afar with a trident!!
* * * LOW HITPOINT WARNING * * *
The skeletal warrior hits you with a battleaxe!!
You die...

#......#....#..........
#......#....#.####...##
#......'....#..........
#.####.#....#..........
#.# #.#....###########
#.####.#....##......##.
#......#######......##.
#......#............##.
#.....@#...............
#.####z#.............#.
#.# #z#...............
#[####)#.....<.......#.
#.[...z#...............
#......####'########.#.
#...........z......[...
#.........z.(........#.
#......................


You could see 3 skeletal warriors.

Vanquished Creatures
  Frances (D:13)
  Erolcha (D:12)
  A vault guard (D:13)
  A hydra (D:12)
  A centaur warrior (D:14)
  4 two-headed ogres
  2 tengu warriors (D:13)
  The ghost of p0werm0de the Martial Artist, a novice OpGl of Wu Jian (D:11)
  A skeletal warrior (D:14)
  2 unseen horrors
  A wolf spider zombie (D:14)
  A manticore (D:12)
  2 deep elf magi (D:12)
  9 ugly things
  The ghost of TenguReborn the Destroyer, a novice TeWz of Fedhas (D:5)
  A cyclops (D:13)
  A centaur zombie (D:13)
  2 gargoyles
  A freezing wraith (D:14)
  6 meliai
  4 trolls
  A merfolk (D:10)
  A hornet (D:11)
  Grinder (D:6)
  A meliai (shapeshifter) (D:13)
  2 hippogriffs
  Sigmund (D:3)
  A wraith (D:12)
  14 yaks
  A vampire (D:11)
  A wyvern (D:13)
  Eustachio (D:5)
  A hungry ghost (D:13)
  Menkaure (D:6)
  2 water moccasins (D:11)
  Edmund (D:6)
  An acid dragon (D:12)
  A black bear (D:12)
  3 ice beasts
  7 orc warriors
  2 sky beasts
  5 phantoms
  5 centaurs
  6 ogres
  A crocodile (D:9)
  10 bullfrogs
  A big kobold (D:14)
  A scorpion (D:11)
  10 killer bees
  4 wights (D:11)
  3 vampire bats (D:9)
  6 howler monkeys
  2 crimson imps
  A quasit (D:12)
  Crazy Yiuf (D:5)
  7 hounds
  4 jellies
  2 centaur skeletons
  9 orc priests
  A bullfrog skeleton (D:11)
  12 orc wizards
  Jessica (D:2)
  A gnoll shaman (D:8)
  4 iguanas
  9 worker ants
  12 gnolls
  A worker ant zombie (D:8)
  13 adders
  3 shadow imps
  2 oozes
  2 adder zombies
  2 adder skeletons
  2 worms (D:5)
  4 dart slugs (D:1)
  7 leopard geckos
  75 orcs
  5 bats
  3 bat skeletons (D:9)
  3 bat zombies (D:9)
  3 giant cockroaches
  6 goblins
  5 hobgoblins
  18 jackals
  4 quokkas
  4 frilled lizards
  A jackal skeleton (D:4)
  13 kobolds
  A leopard gecko skeleton (D:8)
  A quokka zombie (D:4)
  9 rats
  A butterfly (D:6)
394 creatures vanquished.

Vanquished Creatures (others)
  A hound (D:5)
1 creature vanquished.

Grand Total: 395 creatures vanquished

Notes
Turn   | Place    | Note
-------+----------+-------------------------------------------
     0 | D:1      | Lanoc the Draconian Berserker began the quest for the Orb.
     0 | D:1      | Reached XP level 1. HP: 19/19 MP: 1/1
   284 | D:1      | Reached XP level 2. HP: 22/26 MP: 2/2
   456 | D:1      | Reached XP level 3. HP: 22/33 MP: 3/3
   510 | D:1      | Reached ** piety under Trog
   863 | D:2      | Noticed Jessica
   871 | D:2      | Killed Jessica
   907 | D:2      | Reached XP level 4. HP: 40/40 MP: 4/4
   942 | D:2      | Found a shimmering altar of Xom.
  1020 | D:2      | Found a faded altar of an unknown god.
  1365 | D:3      | Noticed Sigmund
  1380 | D:3      | Killed Sigmund
  1380 | D:3      | Reached skill level 5 in Fighting
  1380 | D:3      | Reached skill level 4 in Axes
  1380 | D:3      | Reached XP level 5. HP: 28/48 MP: 5/5
  1568 | D:3      | Reached XP level 6. HP: 56/56 MP: 6/6
  1729 | D:3      | Reached *** piety under Trog
  1912 | D:3      | Found an ornate altar of the Wu Jian Council.
  2107 | D:4      | Reached skill level 5 in Axes
  2169 | D:4      | Found a shadowy altar of Dithmenos.
  2218 | D:4      | Your scales start taking on a dull iron-grey colour.
  2218 | D:4      | Reached XP level 7. HP: 62/62 MP: 7/7
  2218 | D:4      | Gained mutation: You can survive without breathing. [Grey Draconian growth]
  2383 | D:4      | Reached skill level 1 in Throwing
  2420 | D:4      | Reached skill level 5 in Dodging
  2507 | D:4      | Reached skill level 6 in Axes
  2846 | D:5      | Entered Level 5 of the Dungeon
  2896 | D:5      | Reached **** piety under Trog
  2958 | D:5      | Noticed Eustachio
  2975 | D:5      | Killed Eustachio
  2975 | D:5      | Reached XP level 8. HP: 71/71 MP: 8/8
  2978 | D:5      | Noticed TenguReborn's ghost (novice TeWz)
  3069 | D:5      | Killed TenguReborn's ghost
  3069 | D:5      | Reached skill level 7 in Axes
  3129 | D:5      | Found a runed door.
  3274 | D:5      | Received a gift from Trog
  3283 | D:5      | Found a blossoming altar of Fedhas.
  3499 | D:5      | Got a smoking lapis lazuli ring
  3622 | D:5      | Received a gift from Trog
  3633 | D:5      | Reached XP level 9. HP: 79/79 MP: 9/9
  3935 | D:5      | Noticed Crazy Yiuf
  3941 | D:5      | Killed Crazy Yiuf
  4017 | D:6      | Noticed Menkaure
  4026 | D:6      | Killed Menkaure
  4026 | D:6      | Reached skill level 8 in Axes
  4454 | D:6      | Found a staircase to the Ecumenical Temple.
  4573 | D:6      | Noticed Grinder
  4581 | D:6      | Killed Grinder
  4669 | D:6      | Noticed Edmund
  4682 | D:6      | Killed Edmund
  5293 | D:7      | Reached ***** piety under Trog
  5337 | D:7      | Received a gift from Trog
  5365 | D:7      | Reached skill level 9 in Axes
  5881 | D:8      | Noticed a two-headed ogre
  5901 | D:8      | Killed a two-headed ogre
  5901 | D:8      | Reached skill level 5 in Throwing
  5901 | D:8      | Reached XP level 10. HP: 90/90 MP: 10/10
  6040 | D:7      | Killed an unseen horror
  6299 | D:8      | Reached skill level 10 in Axes
  6427 | D:8      | Identified the ring "Vafenuar" {rF+ rC+} (You took it off an orc wizard on level 5 of the Dungeon)
  6505 | D:8      | Found a staircase to the Lair.
  6960 | D:9      | Found an ancient bone altar of Kikubaaqudgha.
  7121 | D:9      | Noticed a two-headed ogre
  7127 | D:9      | Killed a two-headed ogre
  7155 | D:9      | Noticed a two-headed ogre
  7180 | D:9      | Killed a two-headed ogre
  7564 | D:9      | Found a basalt altar of Yredelemnul.
  7735 | D:10     | Entered Level 10 of the Dungeon
  8030 | D:10     | Received a gift from Trog
  8304 | D:10     | Found a staircase to the Orcish Mines.
  8312 | D:10     | Reached skill level 11 in Axes
  8312 | D:10     | Reached XP level 11. HP: 90/97 MP: 11/11
  8917 | D:11     | Noticed p0werm0de's ghost (novice OpGl)
  8944 | D:11     | Killed p0werm0de's ghost
  9835 | D:12     | Killed an unseen horror
  9835 | D:12     | Reached skill level 10 in Fighting
  9976 | D:12     | Noticed a deep elf mage
  9986 | D:12     | Killed a deep elf mage
 10036 | D:12     | Found Teacopn's Weapon Boutique.
 10064 | D:12     | Received a gift from Trog
 10223 | D:12     | Noticed a two-headed ogre
 10231 | D:12     | Killed a two-headed ogre
 10231 | D:12     | Reached skill level 12 in Axes
 10378 | D:12     | Noticed Erolcha
 10386 | D:12     | Killed Erolcha
 10468 | D:12     | Noticed a deep elf mage
 10474 | D:12     | Noticed a four-headed hydra
 10482 | D:12     | Killed a deep elf mage
 10485 | D:12     | Killed a one-headed hydra
 10561 | D:12     | Reached XP level 12. HP: 90/108 MP: 12/12
 10827 | D:13     | Noticed Frances
 10837 | D:13     | Received a gift from Trog
 10849 | D:13     | Killed Frances
 10852 | D:13     | Got an iridescent triple crossbow {god gift}
 10861 | D:13     | Identified the +1 triple crossbow "Saeby" {elec, rC+ Int+3} (Trog gifted it to you on level 13 of the Dungeon)
 11346 | D:13     | Reached skill level 13 in Axes
 11510 | D:13     | Noticed a tengu warrior
 11534 | D:13     | Killed a tengu warrior
 11535 | D:13     | Noticed a tengu warrior
 11544 | D:13     | Killed a tengu warrior
 11557 | D:13     | Noticed a vault guard
 11594 | D:13     | Killed a vault guard
 11672 | D:13     | Found a gate to the Vaults.
 12378 | D:13     | Reached XP level 13. HP: 91/117 MP: 13/13
 12381 | D:13     | Reached skill level 10 in Dodging
 12555 | D:14     | Reached skill level 14 in Axes
 12978 | D:14     | Slain by a skeletal warrior

Vault maps used:
D:1:      dpeg_arrival_windows_large_door
D:2:      lemuel_crystal_altar, chequers_ecumenical_altar_island,
          grunt_ministairs_15, uniq_jessica
D:3:      marbit_many_paths, serial_glass, glass_columns_b, glass_columns_a,
          glass_columns_c, glass_columns_b, uniq_sigmund
D:4:      nicolae_dithmenos_through_a_glass_darkly
D:5:      fedhas_altar_fruit_tree, first_ration, serial_bayou,
          serial_bayou_ford_a, serial_bayou_pond_a, serial_bayou_pond_e,
          serial_bayou_lake_a, kennysheep_dice, uniq_eustachio,
          uniq_crazy_yiuf_cottage
D:6:      minmay_temple_entry_butterflies, serial_corexii_hall,
          corexii_hall_statues_s, corexii_hall_statues_x, uniq_menkaure,
          uniq_edmund, uniq_grinder
D:8:      lair_entry_dummy
D:9:      kennysheep_vampire_church, yredelemnul_altar_generic
D:10:     orc_0_dummy, special_room, hangedman_fish_farm
D:12:     serial_shops, shop, serial_co_window_serial, co_window_paths_b,
          co_window_of_opportunity_a, co_window_paths_b,
          co_window_of_opportunity_a, co_window_corner_a, co_window_corner_cb,
          co_window_broadway_a, co_window_broadway_b, co_window_broadway_c,
          co_window_paths_d, co_window_sun, uniq_erolcha
D:13:     david_vaults_5, uniq_frances
D:14:     hangedman_decor_riveting, kennysheep_nub

Skill      XL: |  1  2  3  4  5  6  7  8  9 10 11 12 13 |
---------------+----------------------------------------+-----
Dodging        | 3 4 5 6 7 9 10 | 10.1
Fighting       | 4 5 6 7 8 9 10 11 | 11.8
Axes           | 4 5 6 7 9 11 12 13 14 | 14.1
Throwing       | 2 3 5 6 7 8 |  8.9

Action                   |  1- 3 |  4- 6 |  7- 9 | 10-12 | 13-15 || total
-------------------------+-------+-------+-------+-------+-------++-------
Melee: Hand axe          |    93 |   164 |   485 |   672 |    94 ||  1508
       Tailslap          |     7 |    20 |    74 |   125 |    24 ||   250
Throw: Tomahawk          |       |       |     9 |    25 |       ||    34
Invok: Berserk           |     2 |     5 |    17 |    23 |     4 ||    51
       Burn Spellbooks   |       |       |     2 |     3 |       ||     5
       Trog's Hand       |       |       |       |     1 |       ||     1
  Use: Scroll            |       |       |       |    24 |     3 ||    27
       Potion            |       |       |       |     2 |       ||     2
 Stab: Sleeping          |     1 |     2 |     8 |     4 |       ||    15
  Eat: Chunk             |     2 |     8 |    27 |    31 |     3 ||    71
       Ration            |       |       |       |     5 |     1 ||     6
Armor: Skin              |    37 |    68 |   172 |   259 |    20 ||   556
Dodge: Dodged            |    73 |   130 |   297 |   478 |    52 ||  1030

Table legend:
 A = Spawn XP
 B = Non-spawn XP
 C = Spawn XP percentage of total XP
 D = Spawn monster count
 E = Non-spawn monster count
 F = Spawn count percentage of total count
 G = Total turns spent on level
                    A         B        C        D         E        F      G
               +---------+---------+-------+---------+---------+-------+---------
         Total |       0 |   43231 |   0.0 |       0 |     394 |   0.0 | 12978
               +---------+---------+-------+---------+---------+-------+---------
           D:1 |       0 |      59 |   0.0 |       0 |      28 |   0.0 |   851
           D:2 |       0 |      90 |   0.0 |       0 |      13 |   0.0 |   481
           D:3 |       0 |     373 |   0.0 |       0 |      21 |   0.0 |   735
           D:4 |       0 |     756 |   0.0 |       0 |      35 |   0.0 |   779
           D:5 |       0 |    1435 |   0.0 |       0 |      40 |   0.0 |  1073
           D:6 |       0 |    1414 |   0.0 |       0 |      21 |   0.0 |  1078
           D:7 |       0 |    1764 |   0.0 |       0 |      29 |   0.0 |   925
           D:8 |       0 |    1499 |   0.0 |       0 |      19 |   0.0 |   981
           D:9 |       0 |    2523 |   0.0 |       0 |      22 |   0.0 |   832
          D:10 |       0 |    1749 |   0.0 |       0 |      38 |   0.0 |   864
          D:11 |       0 |    2582 |   0.0 |       0 |      21 |   0.0 |  1087
          D:12 |       0 |    7879 |   0.0 |       0 |      36 |   0.0 |  1133
          D:13 |       0 |   11932 |   0.0 |       0 |      34 |   0.0 |  1279
          D:14 |       0 |    9176 |   0.0 |       0 |      37 |   0.0 |   880
               +---------+---------+-------+---------+---------+-------+---------
